 Dungeon Crawl Stone Soup version 0.25.1-9-gc5326a611f (webtiles) character file.

Game seed: 13870666068774182119

1728279 AlexTheUnready the Conqueror (level 27, 273/273 HPs)
             Began as a Minotaur Berserker on Apr 29, 2023.
             Was the Champion of Trog.
             Escaped with the Orb
             ... and 3 runes on Apr 30, 2023!
             The game lasted 03:43:44 (79148 turns).

AlexTheUnready the Conqueror (Minotaur Berserker)  Turns: 79148, Time: 03:43:45

Health: 273/273    AC: 57    Str: 48    XL:     27
Magic:  30/30      EV: 11    Int:  5    God:    Trog [******]
Gold:   4657       SH: 40    Dex: 19    Spells: 26/26 levels left

rFire    + + .     SeeInvis +   a - +9 broad axe of Xotwioq {flame, MR++ Str+3}
rCold    + + .     Gourm    .   C - +9 tower shield "Fugob" {MR- Str+2 SInv Stlth+}
rNeg     + . .     Faith    .   I - +12 gold dragon scales
rPois    +         Spirit   .   U - +5 hat of Proximity {Regen+ Dex+3}
rElec    +         Reflect  .   l - +4 dragonskin cloak
rCorr    +         Harm     .   o - +2 pair of gloves {archery}
MR       +++++     Clarity  +   N - +1 pair of boots of Lem Xawi {Str+4}
Stlth    ..........             B - amulet of the Four Winds {rN+ MR+++ Clar}
HPRegen  0.95/turn              J - ring "Voave Seyvu" {rF+ rC+ Str+2 SInv Stlth+}
MPRegen  0.22/turn              V - ring "Qosih" {Str+6 Dex+3}

@: no status effects
A: retaliatory headbutt, horns 2, deterioration 1, low mp 1
0: Orb of Zot
}: 3/15 runes: serpentine, barnacled, silver
a: Berserk, Trog's Hand, Brothers in Arms, Renounce Religion


You escaped.
You worshipped Trog.
Trog was exalted by your worship.
You were not hungry.

You visited 10 branches of the dungeon, and saw 52 of its levels.
You visited the Abyss 2 times.
You also visited: Bailey, Gauntlet, Ice Cave, Volcano and Wizlab.

You collected 8257 gold pieces.
You spent 3600 gold pieces at shops.

Inventory:

Hand Weapons
 a - the +9 broad axe of Xotwioq (weapon) {flame, MR++ Str+3}
   (Trog gifted it to you on level 3 of the Vaults)

   It has been specially enchanted to burn those struck by it, causing extra
   injury to most foes and up to half again as much damage against particularly
   susceptible opponents.
   Big, fiery blades are also staple armaments of hydra-hunters.
   It affects your strength (+3).
   It affects your resistance to hostile enchantments.
 f - a +9 vorpal broad axe
 k - the +10 broad axe "Vam Jius" {drain, rElec MR+ Int+4 Dex-3}
   (You found it on level 8 of the Dungeon)

   A truly terrible weapon, it drains the life of those it strikes.
   It affects your intelligence (+4).
   It affects your dexterity (-3).
   It insulates you from electricity.
   It affects your resistance to hostile enchantments.
 z - the +7 triple crossbow "Feprupa" {venom, rC+ rN+ Dex+3}
   (You found it on level 3 of the Snake Pit)

   It poisons the ammo it fires.
   It affects your dexterity (+3).
   It protects you from cold.
   It protects you from negative energy.
 K - the +7 dagger of Reapportionment {antimagic, rElec Dex+4 Stlth+}
   (Trog gifted it to you on level 1 of the Vaults)

   It reduces the magical energy of the wielder, and disrupts the spells and
   magical abilities of those hit.
   Natural abilities and divine invocations are not affected.
   It affects your dexterity (+4).
   It insulates you from electricity.
   It makes you more stealthy.
Missiles
 n - 61 javelins
 v - 4 throwing nets
 A - 24 atropa-tipped darts
 E - 2 silver javelins
 Q - 130 boomerangs (quivered)
 Y - 23 curare-tipped darts
Armour
 l - the +4 dragonskin cloak (worn)
   (You took it off Tiamat on level 5 of the Depths)
 o - a +2 pair of gloves of archery (worn)
 y - a scarf of resistance
 C - the +9 tower shield "Fugob" (worn) {MR- Str+2 SInv Stlth+}
   (You took it off Mennas on level 3 of the Depths)

   It affects your strength (+2).
   It affects your resistance to hostile enchantments.
   It lets you see invisible.
   It makes you more stealthy.
 F - the +5 robe of Night {Dark MR+ SInv}
   (You took it off a boggart on level 10 of the Dungeon)

   It affects your resistance to hostile enchantments.
   It lets you see invisible.
 I - +12 gold dragon scales (worn)
 N - the +1 pair of boots of Lem Xawi (worn) {Str+4}
   (You found it on level 8 of the Dungeon)

   It affects your strength (+4).
 T - the +13 crystal plate armour of Amorality {rF+++ Int-2 SInv}
   (You acquired it on level 5 of the Realm of Zot)

   It affects your intelligence (-2).
   It renders you almost immune to fire.
   It lets you see invisible.
 U - the +5 hat of Proximity (worn) {Regen+ Dex+3}
   (You found it on level 2 of the Crypt)

   It affects your dexterity (+3).
   It increases your rate of regeneration.
Jewellery
 g - the amulet "Utop Kua" {Faith +Fly rF+}
   (You took it off an orc on level 3 of the Elven Halls)

   [amulet of faith]

   It allows you to gain divine favour quickly.
   It protects you from fire.
   It lets you fly.
 p - the amulet of Vitality {Regen+ HP+15}
   (You bought it in a shop on level 8 of the Dungeon)

   [amulet of regeneration]

   It affects your health (+15).
   It increases your rate of regeneration.
 r - the ring of the Endless Expanse {rPois rF+ Dex+4}
   (You bought it in a shop on level 8 of the Dungeon)

   [ring of poison resistance]

   It affects your dexterity (+4).
   It protects you from fire.
   It protects you from poison.
 w - the amulet "Keremm" {Acrobat +Blink rN+ Int+4}
   (You found it on level 2 of the Crypt)

   [amulet of the acrobat]

   It helps you evade while moving and waiting.
   It affects your intelligence (+4).
   It protects you from negative energy.
   It lets you blink.
 B - the amulet of the Four Winds (around neck) {rN+ MR+++ Clar}
   (You bought it in a shop on level 4 of the Depths)

   [amulet of nothing]

   It protects you from negative energy.
   It affects your resistance to hostile enchantments.
   It protects you against confusion.
 J - the ring "Voave Seyvu" (left hand) {rF+ rC+ Str+2 SInv Stlth+}
   (You found it on level 1 of the Snake Pit)

   [ring of stealth]

   It affects your strength (+2).
   It protects you from fire.
   It protects you from cold.
   It lets you see invisible.
   It makes you more stealthy.
 M - the ring "Maulin" {Wiz rElec rN+}
   (You found it on level 10 of the Dungeon)

   [ring of wizardry]

   It improves your spell success rate.
   It insulates you from electricity.
   It protects you from negative energy.
 V - the ring "Qosih" (right hand) {Str+6 Dex+3}
   (You took it off an ogre mage on level 10 of the Dungeon)

   [ring of strength]

   It affects your strength (+6).
   It affects your dexterity (+3).
 X - the ring "Cuxzy" {rN+ Dex+6 Stlth+}
   (You took it off an orc high priest on level 3 of the Elven Halls)

   [ring of dexterity]

   It affects your dexterity (+6).
   It protects you from negative energy.
   It makes you more stealthy.
Wands
 u - a wand of digging (17)
 x - a wand of clouds (18)
 G - a wand of acid (37)
Scrolls
 d - 8 scrolls of fear
 e - 37 scrolls of teleportation
 m - 33 scrolls of remove curse
 q - 4 scrolls of magic mapping
 t - 16 scrolls of fog
 O - 2 scrolls of holy word
 P - 15 scrolls of identify
 R - 13 scrolls of blinking
 S - 2 scrolls of summoning
Potions
 b - 4 potions of heal wounds
 h - 7 potions of haste
 j - 20 potions of curing
 s - 2 potions of cancellation
 D - 5 potions of resistance
 H - 9 potions of might
 L - 4 potions of invisibility
Miscellaneous
 i - 6 phantom mirrors
 Z - 4 boxes of beasts
Comestibles
 c - 67 rations


   Skills:
 O Level 27 Fighting
 - Level 18.0 Axes
 + Level 25.6 Throwing
 O Level 27 Armour
 - Level 2.1 Dodging
 - Level 25.0 Shields
 * Level 16.7 Evocations


You had 26 spell levels left.
You didn't know any spells.
Your spell library contained the following spells:

 Spells                   Type           Power        Failure   Level  Hunger
 Apportation              Tloc           #.....       83%         1    ##.....
 Beastly Appendage        Tmut           #.....       83%         1    ##.....
 Corona                   Hex            #......      83%         1    ##.....
 Foxfire                  Conj/Fire      #...         83%         1    ##.....
 Freeze                   Ice            #...         83%         1    ##.....
 Magic Dart               Conj           #...         83%         1    ##.....
 Shock                    Conj/Air       #...         83%         1    ##.....
 Summon Butterflies       Summ           #.......     83%         1    ##.....
 Summon Small Mammal      Summ           #...         83%         1    ##.....
 Blink                    Tloc           N/A          93%         2    ###....
 Call Imp                 Summ           #.......     93%         2    ###....
 Corpse Rot               Necr/Air       N/A          93%         2    ###....
 Ensorcelled Hibernation  Hex/Ice        #.....       93%         2    ###....
 Passwall                 Tmut/Erth      #.......     93%         2    ###....
 Poisonous Vapours        Pois/Air       #.....       93%         2    ###....
 Searing Ray              Conj           #.....       93%         2    ###....
 Shroud of Golubria       Chrm/Tloc      #.....       93%         2    ###....
 Slow                     Hex            #.......     93%         2    ###....
 Sticks to Snakes         Tmut           #.......     93%         2    ###....
 Sublimation of Blood     Necr           #.........   93%         2    ###....
 Swiftness                Chrm/Air       #.......     93%         2    ###....
 Call Canine Familiar     Summ           #.......     99%         3    ####...
 Conjure Flame            Conj/Fire      #.......     99%         3    ####...
 Dazzling Flash           Conj/Hex       #.....       99%         3    ####...
 Frozen Ramparts          Ice            #.....       99%         3    ####...
 Gell's Gravitas          Tloc           #.........   99%         3    ####...
 Inner Flame              Hex/Fire       #.......     99%         3    ####...
 Lesser Beckoning         Tloc           #.........   99%         3    ####...
 Mephitic Cloud           Conj/Pois/Air  #.......     99%         3    ####...
 Ozocubu's Armour         Chrm/Ice       #.......     99%         3    ####...
 Portal Projectile        Hex/Tloc       #.....       99%         3    ####...
 Recall                   Summ/Tloc      N/A          99%         3    ####...
 Spider Form              Tmut/Pois      #.........   99%         3    ####...
 Static Discharge         Conj/Air       #.......     99%         3    ####...
 Stone Arrow              Conj/Erth      #.....       99%         3    ####...
 Summon Guardian Golem    Hex/Summ       #.......     99%         3    ####...
 Teleport Other           Tloc           #.......     99%         3    ####...
 Tukima's Dance           Hex            #.......     99%         3    ####...
 Airstrike                Air            #.........   100%        4    #####..
 Animate Dead             Necr           N/A          100%        4    #####..
 Cause Fear               Hex            #.........   100%        4    #####..
 Fulminant Prism          Conj/Hex       #.........   100%        4    #####..
 Hailstorm                Conj/Ice       #.......     100%        4    #####..
 Ice Form                 Ice/Tmut       #.......     100%        4    #####..
 Iskenderun's Mystic Bla  Conj/Tloc      #.......     100%        4    #####..
 Leda's Liquefaction      Hex/Erth       #.........   100%        4    #####..
 Petrify                  Tmut/Erth      #.......     100%        4    #####..
 Summon Ice Beast         Ice/Summ       #.......     100%        4    #####..
 Summon Lightning Spire   Summ/Air       #.......     100%        4    #####..
 Agony                    Necr           #.......     100%        5    ######.
 Alistair's Intoxication  Tmut/Pois      #.......     100%        5    ######.
 Aura of Abjuration       Summ           #.........   100%        5    ######.
 Blade Hands              Tmut           #.........   100%        5    ######.
 Bolt of Magma            Conj/Fire/Erth #.........   100%        5    ######.
 Borgnjor's Vile Clutch   Necr/Erth      #.........   100%        5    ######.
 Irradiate                Conj/Tmut      #.........   100%        5    ######.
 Iskenderun's Battlesphe  Conj/Chrm      #.......     100%        5    ######.
 Lee's Rapid Deconstruct  Erth           #.........   100%        5    ######.
 Lightning Bolt           Conj/Air       #.........   100%        5    ######.
 Silence                  Hex/Air        #.........   100%        5    ######.
 Summon Mana Viper        Hex/Summ       #.......     100%        5    ######.
 Yara's Violent Unravell  Hex/Tmut       #.........   100%        5    ######.
 Conjure Ball Lightning   Conj/Air       #.........   100%        6    #######
 Darkness                 Hex            #.........   100%        6    #######
 Death Channel            Necr           #.........   100%        6    #######
 Dispersal                Tloc           #.........   100%        6    #######
 Freezing Cloud           Conj/Ice/Air   #.........   100%        6    #######
 Hydra Form               Tmut           #.........   100%        6    #######
 Invisibility             Hex            #.......     100%        6    #######
 Iron Shot                Conj/Erth      #.........   100%        6    #######
 Simulacrum               Ice/Necr       #.........   100%        6    #######
 Statue Form              Tmut/Erth      #........    100%        6    #######
 Dragon Form              Tmut           #.........   100%        7    #######
 Malign Gateway           Summ/Tloc      #.........   100%        7    #######
 Monstrous Menagerie      Summ           #.........   100%        7    #######
 Orb of Destruction       Conj           #.........   100%        7    #######
 Ring of Flames           Chrm/Fire      #.........   100%        7    #######
 Spellforged Servitor     Conj/Summ      #.........   100%        7    #######
 Summon Greater Demon     Summ           #.........   100%        7    #######
 Summon Hydra             Summ           #.........   100%        7    #######
 Controlled Blink         Tloc           N/A          100%        8    #######
 Discord                  Hex            #.........   100%        8    #######
 Disjunction              Tloc           #.........   100%        8    #######
 Ignition                 Fire           #.........   100%        8    #######
 Summon Horrible Things   Summ           #.........   100%        8    #######
 Dragon's Call            Summ           #.........   100%        9    #######
 Shatter                  Erth           #.........   100%        9    #######
 Tornado                  Air            #.........   100%        9    #######
 Passage of Golubria      Tloc           Unusable     N/A         4    N/A

Dungeon Overview and Level Annotations

Branches:
Dungeon (15/15)            Temple (0/1) D:5            Lair (6/6) D:8
 Shoals (4/4) Lair:4        Snake (4/4) Lair:4        Slime (0/5) Lair:6
    Orc (2/2) D:12            Elf (3/3) Orc:2        Vaults (5/5) D:13
  Crypt (3/3) Vaults:3       Tomb (0/3) Crypt:3      Depths (5/5) D:15
    Zot (5/5) Depths:5     Bailey (visited)           IceCv (visited)
Volcano (visited)          WizLab (visited)         Gauntlet (visited)

Altars:
Dithmenos
Elyvilon
Hepliaklqana
Kikubaaqudgha
Makhleb
Ru
Sif Muna
Xom
Yredelemnul
The Shining One
Beogh
Jiyva

Shops:
D:8 [%=   Orc:2 [**[?   Elf:1 (   Elf:3 %   Shoals:3 }   Depths:1 [
Depths:3 }==   Depths:4 =

Portals:
Hell: Depths:1 Depths:2 Depths:3 Depths:4 Depths:5
Abyss: Depths:3 Depths:4
Pandemonium: Depths:3 Depths:5
Ziggurat: Depths:3


Innate Abilities, Weirdness & Mutations

You reflexively headbutt those who attack you in melee.
You have a pair of horns on your head.
Your body sometimes deteriorates upon taking damage.
Your magical capacity is low. (-10% MP)


Message History

You slice the Tzitzimitl!! You burn the Tzitzimitl!
Your headbutt misses the Tzitzimitl.
The Tzitzimitl is heavily wounded.
The Tzitzimitl engulfs you but does no damage.
The Tzitzimitl bites you but does no damage.
You slash the Tzitzimitl! You burn the Tzitzimitl.
You headbutt the Tzitzimitl, but do no damage.
The Tzitzimitl is severely wounded.
The Tzitzimitl engulfs you but does no damage.
You block the Tzitzimitl's attack.
You slice the Tzitzimitl!! You burn the Tzitzimitl!
You headbutt the Tzitzimitl.
The Tzitzimitl is almost dead.
You slash the Tzitzimitl! You burn the Tzitzimitl.
You kill the Tzitzimitl!
Trog accepts your kill.
There is an open door here.
An Executioner comes into view.
There is a staircase leading out of the dungeon here.
You have escaped!

##### ######.@.######
###...)..1......###
###.................###
#.+.................'.#
#.#.................#.#
##.###.............###.#
#..# ###.........####..#
#.## ###.....### ##.##
#.# ###.........###...#


You could see an Executioner.

Vanquished Creatures
  11 ancient liches
  Tiamat (Depths:5)
  Mennas (Depths:3)
  2 orbs of fire (Zot:5)
  Mara (Crypt:3)
  Boris (twice) (Depths:5 Vaults:5)
  Saint Roka (Orc:2)
  A curse toe (Zot:3)
  2 Killer Klowns
  The ghost of Hali the Executioner, a veteran FoFi of Dithmenos (Crypt:2)
  Xtahua (Depths:5)
  5 caustic shrikes
  7 golden dragons
  Jory (Crypt:1)
  The ghost of Zoalos the Devastator, a veteran GrEE of Lugonu (Crypt:2)
  Nikola (Lair:4)
  A bone dragon (Crypt:3)
  A Tzitzimitl (D:1)
  4 electric golems
  A Brimstone Fiend (Zot:2)
  6 liches
  Jorgrun (D:15)
  An Ice Fiend (D:4)
  17 tentacled monstrosities
  4 quicksilver dragons
  8 titans
  3 deep elf blademasters
  2 deep elf master archers (Elf:3)
  27 Orb Guardians
  An acid blob (Zot:3)
  An Executioner (D:15)
  A tentacled starspawn (WizLab)
  An ancient champion (Crypt:2)
  Asterion (Elf:3)
  14 death cobs
  An eldritch tentacle (WizLab)
  4 krakens
  8 shadow dragons
  5 sphinxes
  8 tengu reavers
  17 storm dragons
  2 revenants
  3 draconian monks
  13 nagarajas
  Ilsuiw (Shoals:3)
  An iron dragon (Vaults:5)
  9 deep elf sorcerers
  Aizul (Lair:4)
  6 fire giants
  5 draconian scorchers
  15 vault wardens
  2 ghost moths
  5 draconian knights
  5 balrugs (Zot:3)
  12 frost giants
  A ghost moth (shapeshifter) (Vaults:5)
  2 curse skulls
  21 ironheart preservers
  17 stone giants
  7 draconian stormcallers
  15 very ugly things
  8 draconian annihilators
  8 draconian shifters
  11 ghouls
  6 war gargoyles
  4 spriggan defenders
  3 entropy weavers
  3 deep elf elementalists (Elf:3)
  7 vampire knights
  10 green draconians
  7 deep elf demonologists
  An entropy weaver (shapeshifter) (Elf:2)
  13 purple draconians
  16 red draconians
  7 white draconians
  9 black draconians
  A white draconian (shapeshifter) (Zot:3)
  8 yellow draconians
  5 spark wasps (Depths:4)
  A yellow draconian (shapeshifter) (Zot:3)
  11 deep elf annihilators
  A minotaur (Gauntlet)
  A merfolk javelineer (Shoals:4)
  4 crystal guardians
  3 eidola
  The ghost of Vifial the Basher, a journeyman OgGl of Ru (Lair:1)
  9 merfolk impalers
  11 ettins
  A blizzard demon (D:3)
  6 deep elf death magi
  12 fire dragons
  15 yaktaur captains
  5 jiangshi
  3 deep elf high priests
  5 ice dragons
  19 naga warriors
  9 rakshasas
  A great orb of eyes (shapeshifter) (Vaults:5)
  Fannar (D:10)
  4 spriggan air magi
  A hell beast (Depths:4)
  10 great orbs of eyes
  39 vault guards
  14 anacondas
  2 quicksilver dragon skeletons
  3 alligator snapping turtles
  2 merfolk aquamancers
  5 hydras
  A monstrous demonspawn (Depths:3)
  2 catoblepae
  5 merfolk avatars
  10 centaur warriors
  5 death knights
  43 two-headed ogres
  19 dancing weapons
  8 deep troll shamans
  A satyr (Shoals:4)
  2 tengu warriors
  19 ogre magi
  4 death yaks (Lair:6)
  5 deep troll earth magi
  A titan zombie (Crypt:3)
  10 vampire magi
  An orc high priest (Elf:3)
  10 shock serpents
  5 spriggan berserkers
  14 naga sharpshooters
  A thrashing horror (WizLab)
  Urug (Lair:5)
  25 deep elf knights
  A storm dragon zombie (Crypt:2)
  Sonja (Lair:6)
  11 hell knights
  A titan skeleton (Crypt:3)
  5 soul eaters
  Nergalle (Lair:3)
  A large abomination (Abyss:2)
  A sun demon (Depths:4)
  2 wretched stars (Abyss:2)
  2 sixfirhies
  A golden dragon zombie (Crypt:2)
  2 shadow wraiths
  4 salamander mystics
  A deep troll (shapeshifter) (Vaults:3)
  31 skeletal warriors
  A sea snake (shapeshifter) (Vaults:5)
  A shadow demon (WizLab)
  8 glowing orange brains
  4 unseen horrors
  17 sea snakes
  A glowing orange brain (shapeshifter) (Depths:5)
  An iron giant skeleton (Crypt:1)
  An iron troll (Depths:1)
  12 wizards
  33 deep trolls
  13 ironbrand convokers
  A lindwurm (Lair:6)
  2 obsidian statues
  4 phantasmal warriors
  A harpy (shapeshifter) (Vaults:1)
  13 deep elf archers
  An orange crystal statue (Elf:1)
  5 naga ritualists
  10 flayed ghosts
  9 harpies
  18 orc knights
  14 necromancers
  68 deep elf magi
  48 ugly things
  11 mana vipers
  The ghost of Thomus the Destroyer, a novice DECj of Vehumet (D:8)
  An orc sorcerer (Vaults:3)
  A wolf spider zombie (Crypt:3)
  An orb spider (Zot:3)
  A wolf spider (Vaults:3)
  A tengu skeleton (Vaults:3)
  3 oklob plants
  2 fire giant zombies
  The ghost of AlexTheUnready the Magician, a novice DsIE of Vehumet (D:5)
  10 fauns
  A human zombie (Vaults:5)
  12 manticores
  17 cyclopes
  30 moths of wrath
  16 salamanders
  A salamander (shapeshifter) (Vaults:4)
  7 elephants (Lair:6)
  A worldbinder (WizLab)
  A shadow dragon skeleton (Vaults:3)
  A frost giant skeleton (Vaults:3)
  An iron dragon skeleton (Crypt:3)
  47 black mambas
  19 eyes of devastation (Depths:2)
  3 stone giant skeletons
  A guardian serpent (shapeshifter) (Depths:4)
  3 ice statues (IceCv)
  3 orange demons
  2 rust devils
  23 naga magi
  6 merfolk sirens
  Maurice (Orc:1)
  5 toenail golems (Volcano)
  3 fire giant skeletons
  6 water nymphs
  20 guardian serpents
  12 spiny frogs
  11 vault sentinels
  3 gargoyles
  A spiny frog (shapeshifter) (Vaults:1)
  A shock serpent skeleton (Crypt:3)
  A catoblepas zombie (Crypt:1)
  14 freezing wraiths
  A green draconian zombie (Crypt:1)
  18 rime drakes
  An orc skeleton (Vaults:2)
  69 yaktaurs
  2 efreet (D:15)
  A yaktaur skeleton (Vaults:3)
  9 komodo dragons
  A tormentor (Depths:3)
  An entropy weaver simulacrum (Vaults:2)
  3 harpy zombies (Zot:3)
  14 ice devils
  3 anaconda simulacra (IceCv)
  4 ancient zymes
  2 hellwings (WizLab)
  3 tengu conjurers
  21 merfolk
  A spriggan skeleton (WizLab)
  A merfolk (shapeshifter) (Depths:1)
  2 trolls (shapeshifter)
  A jumping spider (Vaults:3)
  A moth of wrath zombie (Crypt:1)
  A red devil (D:1)
  2 polar bears (Lair:6)
  A raiju (shapeshifter) (Depths:2)
  10 trolls
  A queen bee (shapeshifter) (Depths:1)
  57 slime creatures
  A tyrant leech (shapeshifter) (Vaults:5)
  2 bog bodies (Crypt:1)
  8 raiju
  Prince Ribbit (Lair:1)
  16 snapping turtles
  9 wind drakes
  28 blink frogs
  A snapping turtle (shapeshifter) (Vaults:3)
  2 ettin zombies
  9 hornets
  25 dream sheep
  A hippogriff (shapeshifter) (Vaults:1)
  17 hippogriffs
  A fire dragon skeleton (Crypt:3)
  2 fire dragon zombies
  2 air elementals
  6 spriggans
  A redback (shapeshifter) (Vaults:5)
  A black mamba zombie (Crypt:2)
  7 redbacks (Elf:1)
  A fire giant simulacrum (Vaults:2)
  20 flying skulls (Crypt:3)
  2 guardian serpent skeletons (Crypt:2)
  4 vampires
  2 shadows
  9 water elementals
  2 ettin skeletons (Vaults:3)
  3 fire bats (Orc:2)
  2 yaks (shapeshifter)
  4 wyverns
  A spriggan simulacrum (Depths:4)
  10 wraiths
  38 yaks
  A tarantella (shapeshifter) (Depths:5)
  3 ynoxinuls
  3 fire elementals
  6 golden eyes
  A neqoxec (D:15)
  4 hungry ghosts
  3 basilisks
  3 spatial vortices (WizLab)
  6 steam dragons (Lair:5)
  A chaos spawn (Depths:3)
  4 small abominations (Abyss:2)
  3 redback simulacra (Gauntlet)
  A swamp worm (shapeshifter) (Depths:2)
  53 nagas
  4 harpy simulacra
  An insubstantial wisp (WizLab)
  5 vampire mosquitoes
  4 soldier ants
  A deep troll zombie (Vaults:5)
  Menkaure (D:4)
  11 wargs
  8 water moccasins
  2 acid dragons (Gauntlet)
  4 porcupines
  2 hydra simulacra
  A merfolk skeleton (Crypt:1)
  40 orc warriors
  3 ettin simulacra (IceCv)
  2 ice beasts
  A hornet zombie (D:15)
  2 sky beasts
  3 orc zombies
  2 phantoms
  2 black bears
  2 eyes of draining
  7 wolves
  10 boggarts
  24 centaurs
  7 necrophages
  67 ogres
  10 crocodiles
  7 human skeletons
  A rime drake skeleton (Crypt:1)
  21 bullfrogs
  A wyvern zombie (D:8)
  An elf skeleton (Crypt:2)
  A deep troll simulacrum (Vaults:1)
  A gnoll sergeant (D:11)
  A spiny frog simulacrum (Lair:1)
  4 earth elementals
  A wyvern skeleton (D:12)
  6 scorpions
  An elf simulacrum (Vaults:1)
  A queen bee zombie (Crypt:1)
  4 human simulacra
  A blink frog simulacrum (Lair:1)
  12 wights
  2 killer bees (D:10)
  2 howler monkeys
  An electric eel (Lair:4)
  7 centaur zombies
  11 crimson imps
  A hippogriff simulacrum (Lair:1)
  2 bullfrog zombies
  3 quasits
  7 hounds
  7 centaur skeletons
  22 orc priests
  A soldier ant zombie (Crypt:1)
  4 iron imps (Gauntlet)
  2 jellies
  27 orc wizards
  6 bullfrog skeletons
  An iguana (D:5)
  13 worker ants
  A yak simulacrum (Lair:1)
  A wolf simulacrum (Lair:1)
  A demigod skeleton (Crypt:2)
  2 hound zombies
  A porcupine simulacrum (Lair:1)
  5 hound skeletons
  A howler monkey zombie (D:5)
  18 gnolls
  4 howler monkey skeletons
  12 adders
  11 shadow imps
  An ufetubus (Depths:5)
  2 oozes
  2 adder zombies
  3 adder skeletons
  3 worms
  A dart slug (D:3)
  4 leopard geckos
  128 orcs
  A bat zombie (D:6)
  2 giant cockroaches
  19 goblins
  18 hobgoblins
  12 jackals
  7 quokkas
  5 bats
  2 frilled lizards
  17 kobolds
  A kobold skeleton (Crypt:3)
  A quokka skeleton (D:4)
  3 rats
  A rat zombie (D:6)
  A crawling corpse (Vaults:4)
  A fire vortex (Depths:1)
  4 fungi
  A lurking horror (Abyss:2)
  23 plants
  12 tentacles
2797 creatures vanquished.

Vanquished Creatures (collateral kills)
  A lich (Vaults:4)
  An Ice Fiend (IceCv)
  2 nagarajas (Snake:3)
  The ghost of AlexTheUnready the Severer, a journeyman FoAK of Lugonu (Snake:1)
  A curse skull (Crypt:1)
  2 ghouls (Crypt:1)
  An entropy weaver (Lair:4)
  A merfolk javelineer (Shoals:3)
  A merfolk impaler (Shoals:3)
  A deep elf death mage (Vaults:4)
  A yaktaur captain (Depths:3)
  A hydra (D:10)
  2 naga warriors (Snake:3)
  A spriggan air mage (Depths:3)
  4 dancing weapons (Elf:2)
  A queen ant (Lair:4)
  A death knight (Vaults:4)
  A deep elf knight (Elf:2)
  A deep elf archer (Vaults:4)
  A deep elf mage (Vaults:4)
  A salamander (Snake:3)
  A merfolk siren (Shoals:3)
  A black mamba (Snake:3)
  A water nymph (Shoals:3)
  A naga (Snake:3)
  2 soldier ants (Lair:4)
  A phantom (D:10)
  A crocodile (Lair:4)
  A worker ant (Lair:4)
  An adder (D:10)
  A crawling corpse (Vaults:4)
  A plant (Shoals:3)
39 creatures vanquished.

Vanquished Creatures (others)
  A purple draconian (Zot:1)
  A red draconian (Zot:4)
  A yellow draconian (Zot:5)
  A salamander (Snake:1)
  A moth of wrath (Zot:4)
  A black mamba (Snake:3)
  A naga mage (Snake:1)
  A guardian serpent (Lair:4)
  A rime drake (Lair:5)
  An ogre (Vaults:2)
  A bush (Abyss:2)
  2 fungi
  21 plants
  14 tentacles
  2 withered plants (Gauntlet)
50 creatures vanquished.

Grand Total: 2886 creatures vanquished

Notes
Turn   | Place    | Note
-------+----------+-------------------------------------------
     0 | D:1      | AlexTheUnready the Minotaur Berserker began the quest for
                  | the Orb.
     0 | D:1      | Reached XP level 1. HP: 19/19 MP: 0/0
   430 | D:1      | Reached XP level 2. HP: 27/27 MP: 1/1
   975 | D:2      | Reached XP level 3. HP: 28/33 MP: 2/2
  1111 | D:2      | Reached skill level 5 in Axes
  1524 | D:2      | Reached ** piety under Trog
  1633 | D:2      | Reached XP level 4. HP: 40/40 MP: 3/3
  2991 | D:4      | Found a hazy altar of Hepliaklqana.
  2993 | D:4      | Found a shimmering blue altar of Sif Muna.
  3005 | D:4      | Reached XP level 5. HP: 47/47 MP: 4/4
  3246 | D:4      | Noticed Menkaure
  3249 | D:4      | Killed Menkaure
  3249 | D:4      | Reached XP level 6. HP: 28/53 MP: 5/5
  3620 | D:4      | Found a sacrificial altar of Ru.
  4247 | D:5      | Entered Level 5 of the Dungeon
  4313 | D:5      | Reached skill level 5 in Fighting
  4471 | D:5      | Found a staircase to the Ecumenical Temple.
  4502 | D:5      | Found a glowing golden altar of the Shining One.
  4621 | D:5      | Reached XP level 7. HP: 54/61 MP: 6/6
  4751 | D:5      | Reached *** piety under Trog
  5013 | D:5      | Found a runed translucent gate.
  5014 | D:5      | Found a runed translucent gate.
  5014 | D:5      | Noticed AlexTheUnready's ghost (novice DsIE)
  5015 | D:5      | Found a runed translucent gate.
  5016 | D:5      | Identified the cursed +3 dagger of Past Mistakes {flame,
                  | rN+ Str+5}
  5021 | D:5      | Found a roughly hewn altar of Beogh.
  5065 | D:5      | Found a white marble altar of Elyvilon.
  5504 | D:5      | Killed AlexTheUnready's ghost
  5504 | D:5      | Reached skill level 10 in Axes
  5504 | D:5      | Reached skill level 5 in Armour
  5504 | D:5      | Reached XP level 8. HP: 69/69 MP: 7/7
  5799 | D:6      | Found an ancient bone altar of Kikubaaqudgha.
  6391 | D:7      | Reached **** piety under Trog
  7006 | D:8      | Reached XP level 9. HP: 67/74 MP: 8/8
  7125 | D:8      | Found a runed translucent gate.
  7125 | D:8      | Found a runed translucent gate.
  7125 | D:8      | Found a runed translucent gate.
  7125 | D:8      | Noticed an 11-headed hydra
  7125 | D:8      | Noticed Thomus's ghost (novice DECj)
  7191 | D:8      | Reached skill level 1 in Shields
  7371 | D:8      | Found Maymytask's Jewellery Boutique.
  7403 | D:8      | Found Govyurhi's Food Shop.
  7415 | D:8      | Found Lopnoceiza's Antique Armour Shoppe.
  7513 | D:8      | Found a sacrificial altar of Ru.
  7984 | D:8      | Found a staircase to the Lair.
  7984 | D:8      | Noticed a komodo dragon
  8007 | D:8      | Killed a komodo dragon
  8066 | D:8      | Got a pair of heavily runed boots
  8099 | D:8      | Identified the +1 pair of boots of Lem Xawi {Str+4} (You
                  | found it on level 8 of the Dungeon)
  8453 | D:9      | Found a flagged portal.
  8477 | D:9      | Reached ***** piety under Trog
  8477 | D:9      | Reached skill level 1 in Throwing
  8477 | D:9      | Reached XP level 10. HP: 33/85 MP: 9/9
  8555 | Bailey   | Entered a bailey
  9033 | Bailey   | Noticed an orc knight
  9272 | Bailey   | Killed an orc knight
 10282 | D:10     | Entered Level 10 of the Dungeon
 10360 | D:10     | Got a shimmering lead ring
 10362 | D:10     | Identified the ring "Maulin" {Wiz rElec rN+} (You found it
                  | on level 10 of the Dungeon)
 10600 | D:10     | Noticed Fannar
 10624 | D:10     | Killed Fannar
 10624 | D:10     | Reached skill level 15 in Axes
 10891 | D:10     | Received a gift from Trog
 11148 | D:10     | Noticed a gargoyle
 11159 | D:10     | Killed a gargoyle
 11159 | D:10     | Reached XP level 11. HP: 72/93 MP: 10/10
 11442 | D:10     | Identified the ring "Qosih" {Str+6 Dex+3}
 11442 | D:10     | Noticed an ogre mage
 11448 | D:10     | Killed an ogre mage
 11503 | D:10     | HP: 2/94 [asphyx]
 11677 | D:10     | Noticed a two-headed ogre
 11728 | D:10     | Killed a two-headed ogre
 11728 | D:10     | Reached skill level 10 in Armour
 11885 | D:10     | Noticed a two-headed ogre
 11889 | D:10     | Killed a two-headed ogre
 11894 | D:10     | Identified Sif Muna's Grimoire of the Lethal Rocks
 11896 | D:10     | Identified the Papyrus of Ghastly Beguiling
 12048 | Lair:1   | Entered Level 1 of the Lair of Beasts
 12330 | D:10     | Noticed a five-headed hydra
 12334 | D:10     | Killed a five-headed hydra
 13100 | D:8      | Killed Thomus's ghost
 13104 | D:8      | Killed an eight-headed hydra
 13121 | D:8      | Got a transparent broad axe
 13123 | D:8      | Identified the +10 broad axe "Vam Jius" {drain, rElec MR+
                  | Int+4 Dex-3} (You found it on level 8 of the Dungeon)
 13186 | Lair:1   | Noticed Vifial's ghost (journeyman OgGl)
 13249 | Lair:1   | Reached XP level 12. HP: 106/106 MP: 11/11
 13256 | Lair:1   | Noticed Prince Ribbit
 13270 | Lair:1   | Killed Prince Ribbit
 13637 | Lair:1   | Found a runed translucent gate.
 13638 | Lair:1   | Found a runed translucent gate.
 13640 | Lair:1   | Found a runed translucent gate.
 14135 | Lair:2   | Reached skill level 10 in Fighting
 15726 | Lair:3   | Found a shadowy altar of Dithmenos.
 15822 | Lair:3   | Noticed Nergalle
 15834 | Lair:3   | Killed Nergalle
 16536 | Lair:4   | Noticed an entropy weaver
 16538 | Lair:4   | Noticed an entropy weaver
 16551 | Lair:4   | Killed an entropy weaver
 16551 | Lair:4   | Received a gift from Trog
 16554 | Lair:4   | Noticed a queen ant
 16558 | Lair:4   | Killed an entropy weaver
 16560 | Lair:4   | Killed a queen ant
 16916 | Lair:4   | Noticed a four-headed hydra
 16923 | Lair:4   | Reached XP level 13. HP: 104/116 MP: 12/12
 17101 | Lair:4   | Found a staircase to the Shoals.
 17201 | Lair:4   | Reached skill level 5 in Shields
 17304 | Lair:4   | Found a staircase to the Snake Pit.
 18262 | Lair:5   | Noticed a fire dragon
 18286 | Lair:5   | Killed a fire dragon
 18514 | Lair:5   | Received a gift from Trog
 18924 | Lair:5   | Noticed Urug
 18937 | Lair:5   | Killed Urug
 19316 | Lair:6   | Entered Level 6 of the Lair of Beasts
 19323 | Lair:6   | Noticed Sonja
 19504 | Lair:6   | Killed Sonja
 19832 | Lair:6   | Reached XP level 14. HP: 121/129 MP: 13/13
 20042 | Lair:6   | Found a viscous altar of Jiyva.
 20043 | Lair:6   | Found a staircase to the Slime Pits.
 20058 | Lair:6   | Reached skill level 5 in Throwing
 20409 | Lair:6   | Reached skill level 15 in Armour
 21028 | Lair:6   | Got a fine hunting sling
 21552 | D:11     | Received a gift from Trog
 21624 | D:11     | Reached skill level 10 in Shields
 22426 | D:12     | Found a staircase to the Orcish Mines.
 22871 | Orc:1    | Entered Level 1 of the Orcish Mines
 23055 | Orc:2    | Entered Level 2 of the Orcish Mines
 23132 | Orc:2    | Found a dark tunnel.
 23277 | Orc:2    | Found Vikhliese's Antique Armour Boutique.
 23306 | Volcano  | Entered a volcano
 23553 | Volcano  | Reached ****** piety under Trog
 23558 | Volcano  | Reached skill level 15 in Fighting
 23845 | Orc:2    | Noticed Saint Roka
 23860 | Orc:2    | Received a gift from Trog
 24119 | Orc:1    | Noticed Maurice
 24132 | Orc:1    | Killed Maurice
 24355 | Orc:2    | Killed Saint Roka
 24355 | Orc:2    | Reached XP level 15. HP: 102/141 MP: 14/14
 24489 | Orc:2    | Bought a pair of translucent gloves for 351 gold pieces
 24494 | Orc:2    | Identified the +2 pair of gloves "Forget-Me-Not" {Dex+4}
                  | (You bought it in a shop on level 2 of the Orcish Mines)
 24592 | Orc:2    | Found a staircase to the Elven Halls.
 25011 | Orc:2    | Received a gift from Trog
 25144 | Orc:2    | Found Axtucwuy's Assorted Antiques.
 25144 | Orc:2    | Found Qunibet's Magic Scroll Emporium.
 25144 | Orc:2    | Found Qohifufe's General Store.
 25144 | Orc:2    | Found Buor's Armour Boutique.
 25156 | Orc:2    | Bought a ruby potion for 19 gold pieces
 25157 | Orc:2    | Bought a scroll of identify for 28 gold pieces
 25157 | Orc:2    | Bought a potion of invisibility for 112 gold pieces
 25160 | Orc:2    | Bought a scroll of identify for 32 gold pieces
 25160 | Orc:2    | Bought a scroll of identify for 32 gold pieces
 25160 | Orc:2    | Bought a scroll of random uselessness for 16 gold pieces
 25160 | Orc:2    | Bought a scroll of identify for 32 gold pieces
 25160 | Orc:2    | Bought a scroll of torment for 120 gold pieces
 25445 | Orc:2    | Reached XP level 16. HP: 152/152 MP: 15/15
 25566 | D:8      | Bought the amulet of Vitality {Regen+ HP+15} for 1185 gold
                  | pieces
 25566 | D:8      | Found the amulet of Vitality {Regen+ HP+15}
 25968 | Lair:1   | Killed Vifial's ghost
 26130 | Snake:1  | Entered Level 1 of the Snake Pit
 26146 | Snake:1  | Noticed Aizul
 26258 | Snake:1  | Noticed Nikola
 26269 | Lair:4   | Killed Aizul
 26431 | Lair:4   | Killed Nikola
 27119 | Snake:1  | Found a transporter.
 27128 | Snake:1  | Noticed AlexTheUnready's ghost (journeyman FoAK)
 27184 | Snake:1  | Found a transporter.
 27572 | Snake:1  | Killed AlexTheUnready's ghost
 27677 | Snake:1  | Got a scintillating marble ring
 27679 | Snake:1  | Got a scintillating pewter ring
 27781 | Snake:1  | Identified the ring of Viloefos {*Corrode +Blink rF+ rC+
                  | Str+10} (You found it on level 1 of the Snake Pit)
 27783 | Snake:1  | Identified the ring "Voave Seyvu" {rF+ rC+ Str+2 SInv
                  | Stlth+} (You found it on level 1 of the Snake Pit)
 27805 | Snake:2  | Reached XP level 17. HP: 126/161 MP: 16/16
 27807 | Snake:2  | Received a gift from Trog
 28851 | Snake:3  | Reached skill level 15 in Shields
 29303 | Snake:3  | Received a gift from Trog
 29555 | Lair:1   | Reached XP level 18. HP: 174/174 MP: 17/17
 29556 | Lair:1   | Reached XP level 19. HP: 182/182 MP: 18/18
 29711 | Snake:3  | Got a transparent triple crossbow
 30573 | Shoals:1 | Entered Level 1 of the Shoals
 30824 | Shoals:1 | Received a gift from Trog
 30963 | D:8      | Bought the ring of the Endless Expanse {rPois rF+ Dex+4}
                  | for 636 gold pieces
 31546 | Shoals:1 | Reached XP level 20. HP: 181/193 MP: 19/19
 31734 | Shoals:2 | Reached skill level 10 in Throwing
 32824 | Shoals:3 | Found Caav's Gadget Boutique.
 32876 | Shoals:3 | Received a gift from Trog
 33016 | Shoals:3 | Noticed Ilsuiw
 33045 | Shoals:3 | Killed Ilsuiw
 33507 | Shoals:4 | Entered Level 4 of the Shoals
 33765 | D:13     | Found a gate leading to a gauntlet.
 33814 | Gauntlet | Entered a Gauntlet
 33814 | Gauntlet | Found a transporter.
 33814 | Gauntlet | Found a transporter.
 33814 | Gauntlet | Found a transporter.
 33815 | Gauntlet | Found a transporter.
 33819 | Gauntlet | Found a transporter.
 33819 | Gauntlet | Found a transporter.
 33828 | Gauntlet | Found a transporter.
 33828 | Gauntlet | Found a transporter.
 33829 | Gauntlet | Found a transporter.
 33830 | Gauntlet | Found a transporter.
 33838 | Gauntlet | Found a transporter.
 33838 | Gauntlet | Found a transporter.
 34208 | Gauntlet | Got a pair of shimmering boots
 34219 | Gauntlet | Identified the cursed -5 pair of boots "Zeecer" {Str+7}
                  | (You found it in a Gauntlet)
 35101 | D:13     | Found a gate to the Vaults.
 35651 | D:14     | Received a gift from Trog
 36220 | D:15     | Entered Level 15 of the Dungeon
 36226 | D:15     | Noticed Jorgrun
 36241 | D:15     | Killed Jorgrun
 36379 | D:15     | Found a staircase to the Depths.
 36871 | D:15     | Found a shadowy altar of Dithmenos.
 37394 | Snake:4  | Entered Level 4 of the Snake Pit
 37401 | Snake:4  | Found a frozen archway.
 37437 | IceCv    | Entered an ice cave
 37485 | IceCv    | Received a gift from Trog
 38026 | Snake:4  | Reached XP level 21. HP: 210/210 MP: 20/20
 38292 | Snake:4  | Received a gift from Trog
 39169 | Snake:4  | Got a serpentine rune of Zot
 39432 | Shoals:4 | Identified the Almanac of Companions
 39647 | Shoals:4 | Received a gift from Trog
 40553 | Shoals:4 | Got a barnacled rune of Zot
 41315 | Vaults:1 | Entered Level 1 of the Vaults
 42043 | Vaults:1 | Received a gift from Trog
 42048 | Vaults:1 | Reached XP level 22. HP: 206/226 MP: 21/21
 42052 | Vaults:1 | Got a shimmering dagger {god gift}
 42989 | Vaults:1 | Received a gift from Trog
 42992 | Vaults:1 | Identified the +7 dagger of Reapportionment {antimagic,
                  | rElec Dex+4 Stlth+} (Trog gifted it to you on level 1 of
                  | the Vaults)
 44048 | Vaults:2 | Received a gift from Trog
 44164 | Vaults:2 | You fall into a shaft and drop 2 floors!
 44550 | Vaults:3 | Received a gift from Trog
 44550 | Vaults:3 | Reached skill level 27 in Fighting
 44752 | Vaults:3 | Found a staircase to the Crypt.
 45599 | Vaults:3 | Received a gift from Trog
 45604 | Vaults:3 | Reached XP level 23. HP: 240/240 MP: 22/22
 47351 | Vaults:4 | Received a gift from Trog
 48447 | Lair:1   | Identified a scroll of acquirement
 48484 | Lair:1   | Acquired a manual of Shields
 48486 | Lair:1   | Acquired a manual of Axes
 49183 | Crypt:1  | Entered Level 1 of the Crypt
 49389 | Crypt:1  | Received a gift from Trog
 49487 | Crypt:1  | Paralysed by a vampire knight for 7 turns
 49666 | Crypt:1  | Noticed Jory
 49690 | Crypt:1  | Killed Jory
 50498 | Crypt:1  | Paralysed by a vampire knight for 7 turns
 51216 | Crypt:2  | Found a runed translucent gate.
 51220 | Crypt:2  | Found a runed translucent gate.
 51220 | Crypt:2  | Found an ancient bone altar of Kikubaaqudgha.
 51221 | Crypt:2  | Found a runed translucent gate.
 51636 | Crypt:2  | Noticed an ancient lich
 51637 | Crypt:2  | Noticed Zoalos's ghost (veteran GrEE)
 51637 | Crypt:2  | Noticed Hali's ghost (veteran FoFi)
 51646 | Crypt:2  | Received a gift from Trog
 51913 | Crypt:2  | Killed Hali's ghost
 51930 | Crypt:2  | Killed Zoalos's ghost
 51930 | Crypt:2  | Reached XP level 24. HP: 192/249 MP: 22/22
 51933 | Crypt:2  | Paralysed by an ancient lich for 7 turns
 51945 | Crypt:2  | Killed an ancient lich
 51968 | Crypt:2  | Got a transparent amethyst amulet
 51983 | Crypt:2  | Got a spiked hat
 51995 | Crypt:2  | Identified the +5 hat of Proximity {Regen+ Dex+3} (You
                  | found it on level 2 of the Crypt)
 52152 | Crypt:2  | Identified the amulet "Keremm" {Acrobat +Blink rN+ Int+4}
                  | (You found it on level 2 of the Crypt)
 52678 | Elf:1    | Entered Level 1 of the Elven Halls
 52741 | Elf:1    | Found a magical portal.
 52750 | WizLab   | Entered The Roulette of Golubria
 52750 | WizLab   | Found a transporter.
 52756 | WizLab   | Found a corrupted altar of Lugonu.
 52838 | WizLab   | Found a transporter.
 52897 | WizLab   | Found a transporter.
 52901 | WizLab   | Found a transporter.
 52987 | WizLab   | Found a transporter.
 52987 | WizLab   | Found a transporter.
 53007 | WizLab   | Found a transporter.
 53060 | WizLab   | Found a transporter.
 53109 | WizLab   | Found a transporter.
 53162 | WizLab   | Found a transporter.
 53504 | WizLab   | Found a transporter.
 53504 | WizLab   | Found a transporter.
 53547 | WizLab   | Found a transporter.
 53547 | WizLab   | Found a transporter.
 53576 | WizLab   | Found a transporter.
 53657 | WizLab   | Found a transporter.
 53663 | WizLab   | Found a transporter.
 53683 | WizLab   | Got a faintly glowing cloak
 53694 | WizLab   | Identified Golubria's Volume of the Traveller
 53700 | WizLab   | Got an ancient cloak
 53747 | WizLab   | Identified the +3 cloak of Satisfaction {rPois rC- Str+2
                  | Int+2} (You found it in a wizard's laboratory)
 53757 | WizLab   | Identified the +5 cloak "Xeozyu" {Harm *Corrode rPois MR+}
                  | (You found it in a wizard's laboratory)
 53810 | WizLab   | Found a transporter.
 53836 | WizLab   | Found a transporter.
 53935 | WizLab   | Found a transporter.
 53937 | WizLab   | Received a gift from Trog
 54772 | Elf:1    | Received a gift from Trog
 54795 | Elf:1    | Got a transparent broad axe {god gift}
 54921 | Elf:1    | Identified the Almanac of Creative Arcane Weapons
 54961 | Elf:1    | Found Jekib's Weapon Shoppe.
 55238 | Elf:1    | Identified the +1 broad axe of Trog's Wrath {flame, Dex+2
                  | SInv} (Trog gifted it to you on level 1 of the Elven Halls)
 55438 | Elf:2    | Found a huge runed translucent gate.
 55438 | Elf:2    | Found a huge runed translucent gate.
 55438 | Elf:2    | Found a huge runed translucent gate.
 55438 | Elf:2    | Found a huge runed translucent gate.
 55439 | Elf:2    | Found a huge runed translucent gate.
 55730 | Elf:2    | Found a shimmering blue altar of Sif Muna.
 55850 | Elf:2    | Cast into level 2 of the Abyss (+0 halberd of distortion)
 55873 | Elf:2    | Escaped the Abyss
 55919 | Elf:2    | Received a gift from Trog
 56395 | Elf:3    | Entered Level 3 of the Elven Halls
 56487 | Elf:3    | Identified the +2 robe "Zuesent" {rC+ Regen+}
 56487 | Elf:3    | Identified the ring "Cuxzy" {rN+ Dex+6 Stlth+}
 56742 | Elf:3    | Noticed Asterion
 56749 | Elf:3    | Killed Asterion
 56775 | Elf:3    | Found Gaefiket's Food Emporium.
 57235 | Elf:3    | Received a gift from Trog
 57240 | Elf:3    | Identified the cursed +0 troll leather armour of Beogh's
                  | Regard {rF+ Regen+}
 57251 | Elf:3    | Identified the amulet "Utop Kua" {Faith +Fly rF+}
 57360 | Elf:3    | Cast into level 2 of the Abyss (a deep elf demonologist)
 57397 | Abyss:2  | Found a corrupted altar of Lugonu.
 57463 | Abyss:2  | Found a corrupted altar of Lugonu.
 57791 | Abyss:2  | Noticed an ancient lich
 57825 | Abyss:2  | Killed an ancient lich
 57827 | Elf:3    | Escaped the Abyss
 58404 | Elf:3    | Reached XP level 25. HP: 257/257 MP: 22/22
 58626 | Elf:3    | Identified Qiomenaxt's Thorough Guide to Wizardry
 58650 | Elf:3    | Identified Iwkyset's Grimoire of Snow
 59165 | Vaults:3 | Got a pitted broad axe {god gift}
 59166 | Vaults:3 | Identified the +9 broad axe of Xotwioq {flame, MR++ Str+3}
                  | (Trog gifted it to you on level 3 of the Vaults)
 59384 | Crypt:3  | Entered Level 3 of the Crypt
 59605 | Crypt:3  | Received a gift from Trog
 59807 | Crypt:3  | Noticed an ancient lich
 59820 | Crypt:3  | Killed an ancient lich
 59822 | Crypt:3  | Found a basalt altar of Yredelemnul.
 60175 | Crypt:3  | Received a gift from Trog
 60350 | Crypt:3  | Noticed Mara
 60365 | Crypt:3  | Killed Mara
 60378 | Crypt:3  | Found a staircase to the Tomb.
 60804 | Depths:1 | Entered Level 1 of the Depths
 61049 | Depths:1 | Found Kykhlae's Antique Armour Shoppe.
 61083 | Depths:1 | Bought a pair of glowing boots for 247 gold pieces
 61717 | Depths:1 | Received a gift from Trog
 61723 | Depths:1 | Found a gateway to Hell.
 61828 | Depths:1 | Found a shimmering altar of Xom.
 62855 | Depths:2 | Reached XP level 26. HP: 233/266 MP: 22/22
 62859 | Depths:2 | Reached skill level 1 in Evocations
 62902 | Depths:2 | Got a translucent platinum ring
 62929 | Depths:2 | Identified the ring "Uteire" {*Drain rPois Dex+2 SInv} (You
                  | found it on level 2 of the Depths)
 63319 | Depths:3 | Identified the +9 tower shield "Fugob" {MR- Str+2 SInv
                  | Stlth+}
 63319 | Depths:3 | Noticed Mennas
 63364 | Depths:3 | Killed Mennas
 63364 | Depths:3 | Reached skill level 27 in Armour
 63368 | Depths:3 | Received a gift from Trog
 63504 | Depths:3 | Found a gateway to a ziggurat.
 63589 | Depths:3 | Found a one-way gate leading to the halls of Pandemonium.
 63647 | Depths:3 | Reached skill level 5 in Evocations
 63673 | Depths:3 | Found a one-way gate to the infinite horrors of the Abyss.
 64316 | Depths:3 | Found Itot's Gadget Shop.
 64316 | Depths:3 | Found Dicweine's Jewellery Emporium.
 64317 | Depths:3 | Found Deseramn's Jewellery Emporium.
 65733 | Depths:4 | Reached skill level 10 in Evocations
 65931 | Depths:4 | Found Nihag's Jewellery Shoppe.
 65953 | Depths:4 | Bought the amulet of the Four Winds {rN+ MR+++ Clar} for
                  | 790 gold pieces
 65953 | Depths:4 | Found the amulet of the Four Winds {rN+ MR+++ Clar}
 66713 | Depths:5 | Entered Level 5 of the Depths
 66776 | Depths:5 | Received a gift from Trog
 66841 | Depths:5 | Found a gate to the Realm of Zot.
 67103 | Depths:5 | Noticed Xtahua
 67116 | Depths:5 | Killed Xtahua
 67491 | Depths:5 | Noticed Boris
 67506 | Depths:5 | Killed Boris
 68645 | Vaults:5 | Entered Level 5 of the Vaults
 68650 | Vaults:5 | Reached XP level 27. HP: 246/273 MP: 31/31
 68744 | Vaults:4 | Received a gift from Trog
 69011 | Vaults:5 | Got a silver rune of Zot
 69057 | Vaults:5 | Identified Sif Muna's Catalogue of Earthen Companions
 69085 | Vaults:5 | Reached skill level 15 in Throwing
 69174 | Vaults:5 | Received a gift from Trog
 69236 | Vaults:5 | Noticed Boris
 69249 | Vaults:5 | Killed Boris
 69568 | Vaults:5 | Noticed an ancient lich
 69572 | Vaults:5 | Killed an ancient lich
 69640 | Vaults:5 | Received a gift from Trog
 69760 | Vaults:5 | Identified Sif Muna's Tome of Transformation
 69969 | Vaults:5 | Identified the +1 leather armour of the Black Moon {+Blink
                  | MP+9}
 71161 | Zot:1    | Entered Level 1 of the Realm of Zot
 71387 | Zot:1    | Acquired a +2 pair of gloves of archery
 71823 | Zot:1    | Received a gift from Trog
 71902 | Zot:1    | Identified the +4 dragonskin cloak
 71902 | Zot:1    | Noticed Tiamat
 73302 | Depths:5 | Killed Tiamat
 74060 | Zot:3    | Received a gift from Trog
 74216 | Zot:3    | Found a glowing golden altar of the Shining One.
 74876 | Zot:3    | Found a shimmering altar of Xom.
 75118 | Zot:3    | Found a burning altar of Makhleb.
 76040 | Zot:4    | Reached skill level 15 in Evocations
 76250 | Zot:4    | Got a glimmering plate armour
 76251 | Zot:4    | Identified the cursed +0 plate armour "Bamovel" {rC+} (You
                  | found it on level 4 of the Realm of Zot)
 76527 | Zot:5    | Entered Level 5 of the Realm of Zot
 76641 | Zot:5    | Received a gift from Trog
 76653 | Zot:5    | Acquired the +13 crystal plate armour of Amorality {rF+++
                  | Int-2 SInv}
 76851 | Zot:5    | Noticed an ancient lich
 76855 | Zot:5    | Killed an ancient lich
 76856 | Zot:5    | Noticed an orb of fire
 76864 | Zot:5    | Gained mutation: Your body sometimes deteriorates upon
                  | taking damage. [an orb of fire]
 76865 | Zot:5    | Killed an orb of fire
 76882 | Zot:5    | Noticed an ancient lich
 76884 | Zot:5    | Noticed an ancient lich
 76895 | Zot:5    | Killed an ancient lich
 76898 | Zot:5    | Noticed an ancient lich
 76900 | Zot:5    | Killed an ancient lich
 76913 | Zot:5    | Killed an ancient lich
 77015 | Zot:5    | Paralysed by a Zot trap for 5 turns
 77017 | Zot:5    | Noticed an ancient lich
 77027 | Zot:5    | Killed an ancient lich
 77036 | Zot:5    | Noticed an orb of fire
 77046 | Zot:5    | Killed an orb of fire
 77313 | Zot:5    | Noticed an ancient lich
 77358 | Zot:5    | Killed an ancient lich
 77411 | Zot:5    | Noticed an ancient lich
 77423 | Zot:5    | Killed an ancient lich
 77514 | Zot:5    | Received a gift from Trog
 77554 | Zot:5    | Noticed an orb of fire
 77971 | Lair:1   | Identified the +7 triple crossbow "Feprupa" {venom, rC+ rN+
                  | Dex+3} (You found it on level 3 of the Snake Pit)
 78383 | Zot:5    | Got the Orb of Zot
 78726 | D:15     | Gained mutation: Your magical capacity is low. (-10% MP) [a
                  | neqoxec]
 79148 | D:$      | Escaped with the Orb!

Illustrated notes

Levels and vault maps discovered:
D:1:      nzn_arrival_depleted_hourglass, layout_loops_ring
D:2:      layout_loops_ring, hex_medium
D:3:      layout_basic
D:4:      layout_layer_cave, grunt_temple_overflow_open, old_standard_altar,
          first_ration, uniq_menkaure
D:5:      layout_cave_pods, overflow_temple_1_default, elyvilon_altar_3,
          temple_pool_b, biasface_ghost_orc_armoury
D:6:      layout_basic, lemuel_zombie_altar_kikubaaqudgha
D:7:      layout_basic
D:8:      layout_loops_corners, david_lair_shrubbed, basic_altar,
          gammafunk_ghost_hydra_chop, serial_shops, shop, kennysheep_little_box,
          kennysheep_mini, the_bakery, minmay_manual_moon
D:9:      layout_basic, enter_bailey_3
D:10:     minmay_the_grid_octo_tiled_octocenter
          [minmay_the_grid_octo_fan_narrow, minmay_the_grid_octo_horde,
          minmay_the_grid_octo_checkerflower, minmay_the_grid_octo_clover_2,
          minmay_the_grid_octo_prize_star,
          minmay_the_grid_square_5x5_spiral_small,
          minmay_the_grid_square_5x5_almost_minimal,
          minmay_the_grid_square_5x5_lines, minmay_the_grid_square_5x5_three],
          layout_loops_ring, minmay_checkerbox, uniq_fannar
D:11:     layout_irregular_city
D:12:     layout_basic, david_orc_2
D:13:     layout_basic, david_vaults_5, gauntlet_entry_generic,
          kennysheep_decorative_pillar
D:14:     layout_long_grid, chequers_serial_rivers_room_a
D:15:     grunt_enter_depths_giant_problem, layout_basic,
          nicolae_dithmenos_through_a_glass_darkly, uniq_jorgrun
Lair:1:   layout_roguey, gammafunk_ghost_icy, serial_bayou_shore_b,
          grunt_megastairs_3, uniq_prince_ribbit2
Lair:2:   layout_small_grid
Lair:3:   layout_regular_city, basic_altar, serial_bayou_shore_a,
          grunt_megastairs_5, uniq_nergalle
Lair:4:   layout_gridlike, minmay_shoals_entry_beasts, dummy_snake_entry,
          serial_bayou, serial_bayou_crossing, serial_bayou_lagoon_b,
          serial_bayou_pond_a, serial_bayou_pond_a, serial_bayou_pond_c,
          serial_bayou_pond_a, wad_woods_antlair, minmay_lair_oklob_chamber
Lair:5:   layout_roguey, bobbens_dragon_lair_wall, uniq_urug
Lair:6:   grunt_lair_end_beastmaster, layout_hall_layers, slime_altar_1,
          lemuel_fruit_fields, uniq_sonja
Shoals:1: cheibrodos_shoals_gigantism, layout_shoals
Shoals:2: layout_shoals
Shoals:3: layout_shoals, serial_shops,
          nicolae_shop_temple_entry_statues_fountains, abandoned_shop,
          nicolae_shoals_dead_sea_scrolls, uniq_ilsuiw
Shoals:4: shoals_end_hangedman, layout_shoals
Snake:1:  layout_onion, gammafunk_ghost_berserking_beasts,
          statue_in_the_mist_lemuel, grunt_ministairs_11, uniq_nikola,
          uniq_aizul
Snake:2:  layout_misc_corridors
Snake:3:  layout_layer_cave, evilmike_ambush [evilmike_ambush_outer_pillars,
          evilmike_ambush_inner_basic]
Snake:4:  grunt_snake_rune_pools, layout_onion, portal_ice_cave_entry_pillars_1
Orc:1:    layout_caves, uniq_maurice
Orc:2:    st_orc_ogre_mass, layout_caves, nicolae_volcano_entry_batcave,
          serial_shops, nicolae_shop_statue_plus, uniq_saint_roka
Elf:1:    elf_arrival_002, layout_geoelf_octagon, serial_shops,
          nicolae_shop_temple_entry_statues_fountains,
          infiniplex_enter_wizlab_water, minmay_elf_sorcery, minivault_16,
          drop_trap
Elf:2:    layout_geoelf_diagonals, basic_altar
Elf:3:    elf_hall, layout_loops_corners, serial_shops, shop,
          grunt_ministairs_10, uniq_asterion
Vaults:1: nicolae_vaults_network_quinsquares
          [nicolae_vaults_network_quincunx_subvault,
          nicolae_vaults_network_quincunx_subvault,
          nicolae_vaults_network_quincunx_subvault,
          nicolae_vaults_network_quincunx_subvault], st_spiral_rooms, v_misc_17,
          nicolae_vaults_shelves_hall, nicolae_vaults_little_squares_6,
          vaults_mumra_lcd, v_misc_8, nicolae_vaults_sealed_display,
          hangedman_vaults_nails, v_misc_1, nicolae_vaults_little_squares_1,
          nicolae_vaults_little_squares_4, layout_vaults_omnibox
Vaults:2: v_pattern_2, nicolae_vaults_three_branches, ontoclasm_vaults_gateway,
          v_misc_1, v_misc_2, hangedman_vaults_trim, vaults_dpeg_hooks,
          ontoclasm_vaults_fault, ontoclasm_vaults_chip, layout_vaults_omnigrid
Vaults:3: v_rooms_3, v_misc_4, v_misc_13, grunt_vaults_focal,
          hangedman_vaults_stream, minmay_crypt_entry_skeletal_spiral,
          nicolae_vaults_yaktaur_gun_rack, vaults_room_hallway,
          hangedman_vaults_hat, vaults_room_pools, nicolae_vaults_gold_heap,
          ontoclasm_vaults_twist, nicolae_vaults_little_squares_3, v_rooms_2,
          layout_vaults_omnicross
Vaults:4: vaults_dpeg_cross, v_rooms_5, hangedman_vaults_unwind,
          ontoclasm_vaults_gallery, ontoclasm_vaults_ring_square, v_misc_17,
          ontoclasm_vaults_decontamination, serial_ice_b,
          dpeg_vaults_monster_box, nicolae_vaults_network_star,
          grunt_vaults_hallway_short, layout_vaults_big_room
Vaults:5
Crypt:1:  layout_regular_city, uniq_jory
Crypt:2:  layout_catacombs, gammafunk_ghost_crypt, grunt_megastairs_4
Crypt:3:  cryptofortress_bobbens, uniq_mara
Depths:1: layout_cave_pools, serial_shops, nicolae_shop_statue_plus,
          wad_floor_pattern_untrapped, grunt_hell_entry_dis_grunt,
          minmay_misc_feat_doors, st_stairs_10, nrook_campfire, tgw_xom
Depths:2: minmay_eyes, layout_gridlike, hell_entry, hex_intersection
Depths:3: kennysheep_large_spiral, layout_cave_shapes, enter_ziggurat_a,
          abyss_entry, pf_hell_entry_tar_spiral, rand_demon_pan_entry_5,
          roderic_roman_lattice, minmay_shop_grove,
          infiniplex_staircase_split_hallway, uniq_mennas
Depths:4: evilmike_cross, layout_basic, serial_shops, shop,
          grunt_mini_vestibule, hangedman_abyss_entry_splay,
          infiniplex_staircase_river
Depths:5: grunt_zot_entry_alcove, layout_gridville, hell_entry,
          rand_demon_pan_entry_3, uniq_boris, uniq_xtahua
Zot:1:    layout_misc_corridors, uniq_tiamat
Zot:2:    layout_basic, grunt_ministairs_1
Zot:3:    hangedman_orp_of_zott, layout_twisted_circle, basic_altar,
          st_stairs_13
Zot:4:    kennysheep_six_static_rooms, layout_twisted_circle
Zot:5:    layout_misc_corridors

Skill      XL: |  1  2  3  4  5  6  7  8  9 10 11 12 13 14 15 16 17 18 19 20 21 22 23 24 25 26 27 |
---------------+----------------------------------------------------------------------------------+-----
Axes           | 4 5 6 7 8 10 11 13 15 17 18 | 18.0
Fighting       | 4 5 6 7 8 9 11 13 15 16 17 18 19 20 22 25 27 | 27.0
Armour         | 3 4 5 6 7 9 11 12 14 15 16 18 19 20 22 24 25 26 27 | 27.0
Shields        | 2 3 4 8 11 12 13 15 18 22 25 | 25.0
Throwing       | 1 2 3 4 6 7 8 9 10 11 12 25 | 25.6
Evocations     | 13 16 | 16.7
Dodging        | |  2.1

Action                   |  1- 3 |  4- 6 |  7- 9 | 10-12 | 13-15 | 16-18 | 19-21 | 22-24 | 25-27 || total
-------------------------+-------+-------+-------+-------+-------+-------+-------+-------+-------++-------
Melee: Hand axe          |    75 |     5 |       |       |       |       |       |       |       ||    80
       Headbutt          |    14 |    27 |    62 |   135 |   148 |   112 |   429 |   580 |   851 ||  2358
       War axe           |       |    84 |   250 |   318 |    18 |       |       |       |       ||   670
       Broad axe         |       |       |       |   166 |   600 |   347 |  1308 |  1688 |  2356 ||  6465
Throw: Dart              |       |       |     8 |    32 |    25 |       |    20 |     1 |       ||    86
       Boomerang         |       |       |       |       |    29 |    34 |    41 |    33 |    36 ||   173
       Javelin           |       |       |       |       |       |     4 |       |    17 |    43 ||    64
Invok: Berserk           |       |       |     1 |     2 |       |       |       |       |       ||     3
       Brothers in Arms  |       |       |       |     3 |       |     3 |     2 |     8 |     5 ||    21
       Trog's Hand       |       |       |       |     2 |     2 |     2 |       |     8 |     4 ||    18
Evoke: Wand              |       |       |       |       |       |     2 |     2 |       |     5 ||     9
  Use: Scroll            |     3 |       |     1 |     5 |     7 |     3 |    11 |    20 |    21 ||    71
       Potion            |       |       |       |     1 |     1 |     2 |       |     6 |     2 ||    12
 Stab: Petrifying        |       |       |       |       |     2 |       |       |       |       ||     2
       Petrified         |       |       |       |       |     2 |       |       |       |       ||     2
       Invisible         |       |       |       |       |     1 |       |       |       |       ||     1
       Confused          |       |       |       |       |       |       |     1 |       |     3 ||     4
       Distracted        |       |       |       |       |       |       |     1 |       |     1 ||     2
  Eat: Chunk             |     2 |     6 |     9 |    25 |    28 |     8 |    35 |    36 |    38 ||   187
       Ration            |       |     1 |     2 |     2 |       |     2 |     2 |     7 |    10 ||    26
Armor: Chain mail        |    36 |    47 |   108 |   139 |       |       |       |       |       ||   330
       Animal skin       |     2 |       |       |       |       |       |       |       |       ||     2
       Plate armour      |       |       |       |    39 |   185 |   164 |   451 |   530 |   284 ||  1653
       Gold dragon scale |       |       |       |       |       |       |       |       |   362 ||   362
Dodge: Dodged            |    43 |    60 |    74 |   162 |   109 |   117 |   270 |   275 |   361 ||  1471
Block: Buckler           |       |       |    24 |    79 |       |       |       |       |       ||   103
       Kite shield       |       |       |       |    28 |   331 |   348 |   935 |  1044 |   712 ||  3398
       Tower shield      |       |       |       |       |       |       |       |       |  1725 ||  1725
